 Dungeon Crawl Stone Soup version 0.20.1-1-g8b1a95d (webtiles) character file.

1141 con220 the Poker (level 8, -2/69 HPs)
             Began as a Yellow Draconian Skald on Nov 7, 2017.
             Slain by a wight
             ... wielding a +0 trident
              (6 damage)
             ... on level 6 of the Dungeon.
             The game lasted 00:38:17 (6193 turns).

con220 the Poker (Yellow Draconian Skald)           Turns: 6193, Time: 00:38:18

Health: -2/69      AC:  6    Str: 15    XL:     8   Next: 14%
Magic:  0/21       EV: 12    Int: 14    God:
Gold:   243        SH:  0    Dex: 11    Spells: 9/12 levels left

rFire    . . .     SeeInvis .   D - -3 trident (curse)
rCold    . . .     Gourm    .   (no shield)
rNeg     . . .     Faith    .   (armour unavailable)
rPois    .         Spirit   +   (helmet restricted)
rElec    .         Reflect  .   (no cloak)
rCorr    +         Harm     .   (no gloves)
MR       .....                  (no boots)
Stlth    +.........             y - amulet of guardian spirit
Regen    0.3/turn               e - ring of magical power
MPRegen  0.2/turn               (no ring)

@: infused, singing, heavily drained
A: spit acid, acid resistance, unfitting armour, cold-blooded, AC +6
a: Breathe Acid


You were on level 6 of the Dungeon.
You were not hungry.

You visited 1 branch of the dungeon, and saw 6 of its levels.

You collected 243 gold pieces.

Inventory:

Hand Weapons
 a - a +2 spear
 d - a +0 trident
 g - a +0 short sword
 n - a +0 spear
 v - a +0 spear
 D - a cursed -3 trident (weapon)
Armour
 o - a +0 helmet
 x - a +0 chain mail
Jewellery
 e - a ring of magical power (left hand)
 f - an uncursed amulet of magic regeneration
 y - an amulet of guardian spirit (around neck)
 C - an uncursed ring of magical power
 F - an uncursed amulet of magic regeneration
Wands
 s - a wand of confusion (17/48)
 J - a wand of paralysis (14/24)
Scrolls
 j - a scroll of amnesia {unknown}
 k - a scroll of blinking {unknown}
 m - a scroll of immolation
 t - a scroll of random uselessness {unknown}
 u - a scroll of magic mapping {unknown}
 B - 2 scrolls of fear
 E - a scroll of identify
 H - a scroll of noise {unknown}
Potions
 c - a potion of ambrosia {unknown}
 h - a potion of resistance
 i - a potion of cancellation
 p - a potion of lignification {unknown}
 q - a potion of haste {unknown}
 r - a potion of brilliance {unknown}
 w - a potion of degeneration {unknown}
 A - 2 potions of agility
 G - a potion of curing
Books
 b - a book of Battle

   Spells                             Type                      Level
   a - Infusion                       Charms                       1
   b - Shroud of Golubria             Charms/Translocation         2
   c - Song of Slaying                Charms                       2
   d - Spectral Weapon                Hexes/Charms                 3
   e - Regeneration                   Charms/Necromancy            3
 I - a book of Air

   Spells                             Type                      Level
   a - Shock                          Conjuration/Air              1
   b - Swiftness                      Charms/Air                   2
   c - Static Discharge               Conjuration/Air              3
   d - Airstrike                      Air                          4
   e - Lightning Bolt                 Conjuration/Air              5
Comestibles
 l - 3 meat rations
 z - 2 bread rations


   Skills:
 * Level 5.4(4.1) Fighting
 * Level 7.1(5.8) Polearms
 + Level 3.6(2.4) Dodging
 + Level 1.2(0.0) Stealth
 + Level 2.7(1.5) Spellcasting
 + Level 3.5(2.3) Charms


You had 9 spell levels left.
You knew the following spells:

 Your Spells              Type           Power        Failure   Level  Hunger
a - Infusion              Chrm           #...         10%         1    ##.....
b - Song of Slaying       Chrm           #.......     14%         2    ###....


Dungeon Overview and Level Annotations

Branches:
Dungeon (6/15)
 Temple: D:4-7

Altars:


Innate Abilities, Weirdness & Mutations

You can spit globs of acid.
You are resistant to acid.
Your golden yellow scales are hard. (AC +6)
You cannot fit into any form of body armour.
You are cold-blooded and may be slowed by cold attacks.


Message History

You puncture the wight!
The wight is heavily damaged.
The wight hits you from afar with a trident.
The wight completely misses you. The wight closely misses you.
The wight misses you.
You puncture the wight!
You tail-slap the wight, but do no damage.
The wight is almost destroyed.
The wight completely misses you.
The wight hits you from afar with a spear.
You feel drained. The wight hits you with a great sword!
* * * LOW HITPOINT WARNING * * *
You feel drained.
* * * LOW HITPOINT WARNING * * *
The wight hits you with a mace.
* * * LOW HITPOINT WARNING * * *
You hit the wight but do no damage. You tail-slap the wight.
You destroy the wight!
The wight hits you from afar with a trident!
You die...

#......# #......#
#......#########
#...............
#...............
#...............
#........zz.....
#.......@)z.....
#....)...z......
#.....##########
+.....#....#
######.....#)[..#
...........#....#
........)..)....#
...........##..######
.......)(...#..##...##


You could see 4 wights.

Vanquished Creatures
  A hippogriff (D:5)
  A centaur (D:6)
  3 ogres
  A wight (D:6)
  A howler monkey (D:5)
  A crimson imp (D:5)
  A hound (D:4)
  A jelly (D:5)
  2 orc priests
  A bullfrog skeleton (D:4)
  An iguana (D:4)
  An orc wizard (D:5)
  2 worker ants (D:4)
  8 gnolls
  8 adders
  A shadow imp (D:6)
  An ooze (D:1)
  A worm (D:5)
  4 dart slugs
  2 leopard geckos (D:1)
  14 orcs
  2 bats
  8 giant cockroaches
  4 goblins
  6 hobgoblins
  3 jackals (D:2)
  5 kobolds
  3 quokkas
  2 ball pythons (D:1)
  7 frilled lizards
  A leopard gecko skeleton (D:5)
  5 rats
102 creatures vanquished.

Notes
Turn   | Place    | Note
-------+----------+-------------------------------------------
     0 | D:1      | con220 the Draconian Skald began the quest for the Orb.
     0 | D:1      | Reached XP level 1. HP: 17/17 MP: 3/3
   194 | D:1      | Reached XP level 2. HP: 24/24 MP: 5/5
   989 | D:2      | Reached XP level 3. HP: 30/30 MP: 6/6
  1699 | D:2      | Reached skill level 3 in Polearms
  1896 | D:2      | Reached XP level 4. HP: 28/37 MP: 7/7
  2788 | D:4      | Noticed an ogre
  2795 | D:4      | Killed an ogre
  2795 | D:4      | Reached skill level 4 in Polearms
  2795 | D:4      | Reached XP level 5. HP: 34/45 MP: 8/8
  2911 | D:4      | Noticed an ogre
  2923 | D:4      | Killed an ogre
  2923 | D:4      | Reached XP level 6. HP: 52/52 MP: 9/9
  2967 | D:4      | Learned a level 2 spell: Song of Slaying
  3052 | D:4      | Reached skill level 5 in Polearms
  3472 | D:4      | Your scales start taking on a golden yellow colour.
  3472 | D:4      | Reached XP level 7. HP: 13/60 MP: 10/10
  4002 | D:5      | Entered Level 5 of the Dungeon
  4122 | D:5      | Noticed a hippogriff
  4136 | D:5      | Killed a hippogriff
  4136 | D:5      | Reached skill level 6 in Polearms
  4627 | D:5      | Reached skill level 5 in Fighting
  4828 | D:5      | Reached skill level 1 in Stealth
  6121 | D:6      | Reached skill level 7 in Polearms
  6121 | D:6      | Reached XP level 8. HP: 50/68 MP: 10/12
  6192 | D:6      | HP: 3/68 [wight/mace (4)]
  6193 | D:6      | Slain by a wight

Skill      XL: |  1  2  3  4  5  6  7 |
---------------+----------------------+-----
Charms         | 3 |  3.5
Polearms       | 3 4 5 7 |  7.1
Fighting       | 3 4 5 |  5.4
Dodging        | 3 |  3.6
Stealth        | 1 |  1.2
Spellcasting   | |  2.7

Action                   |  1- 3 |  4- 6 |  7- 9 || total
-------------------------+-------+-------+-------++-------
Melee: Spear             |   137 |   170 |       ||   307
       Tailslap          |    11 |    21 |    28 ||    60
       Trident           |       |       |   188 ||   188
 Cast: Infusion          |     1 |     2 |     4 ||     7
       Song of Slaying   |       |     3 |     3 ||     6
  Use: Scroll            |     4 |     4 |     3 ||    11
       Potion            |       |     6 |       ||     6
  Eat: Bread ration      |     1 |       |       ||     1
       Meat ration       |       |     1 |     2 ||     3
Armor: Skin              |    31 |    23 |    42 ||    96
Dodge: Dodged            |    96 |    93 |   164 ||   353
